 Dungeon Sprint DCSS version 0.23.0-3-gf3c87f2 (webtiles) character file.

Game seed: 14405036587737662954

39394 nuthulu the Sorcerer (level 13, -7/80 HPs)
             Began as a Deep Elf Fire Elementalist on Feb 21, 2019.
             Was the Champion of Vehumet.
             Killed by divine providence
             ... invoked by Saint Roka
              (14 damage)
             ... in the Dungeon (Sprint IX: "|||||||||||||||||||||||||||||").
             The game lasted 00:26:50 (6573 turns).

nuthulu the Sorcerer (Deep Elf Fire Elementalist)   Turns: 6573, Time: 00:26:50

Health: -7/80      AC: 19    Str: 11    XL:     13   Next: 69%
Magic:  33/40      EV: 25    Int: 28    God:    Vehumet [******]
Gold:   1478       SH:  0    Dex: 15    Spells: 18/54 levels left

rFire    . . .     SeeInvis .   m - +2 rapier "Qoch" {flame, MR++}
rCold    . . .     Gourm    .   E - +0 buckler {AC+3}
rNeg     . . .     Faith    .   y - +3 robe of Anarchy {MR+ Int+2}
rPois    .         Spirit   .   u - +2 helmet
rElec    .         Reflect  .   x - +1 cloak
rCorr    .         Harm     .   D - +2 pair of gloves
MR       ++++.     NoTele   +   v - +2 pair of boots
Stlth    ++........             (no amulet)
HPRegen  0.23/turn              o - +3 ring of strength
MPRegen  0.27/turn              p - +3 ring of strength

@: confused
A: no striking features
a: Renounce Religion


You were in the Dungeon.
You worshipped Vehumet.
Vehumet was exalted by your worship.
You were not hungry.

You visited 1 branch You collected 1900 gold pieces.
You spent 422 gold pieces at shops.

Inventory:

Hand Weapons
 b - a +0 short sword
 m - the +2 rapier "Qoch" (weapon) {flame, MR++}
   (You found it in the Dungeon)

   It has been specially enchanted to burn those struck by it, causing extra
   injury to most foes and up to half again as much damage against particularly
   susceptible opponents.
   It affects your resistance to hostile enchantments.
Armour
 a - a +0 robe
 n - a +0 pair of gloves
 u - a +2 helmet (worn)
 v - a +2 pair of boots (worn)
 w - a +0 pair of gloves
 x - a +1 cloak (worn)
 y - the +3 robe of Anarchy (worn) {MR+ Int+2}
   (You bought it in a shop in the Dungeon)

   It affects your intelligence (+2).
   It affects your resistance to hostile enchantments.
 D - a +2 pair of gloves (worn)
 E - a +0 buckler of protection (worn)
Jewellery
 o - a +3 ring of strength (left hand)
 p - a +3 ring of strength (right hand)
 z - an uncursed ring of protection from fire
 A - an uncursed ring of protection from magic
 B - an uncursed ring of protection from fire
 C - an uncursed ring of fire
Wands
 l - a wand of acid (10)
Scrolls
 i - 2 scrolls of blinking
 j - 3 scrolls of remove curse
 k - 3 scrolls of amnesia
 r - 6 scrolls of enchant weapon
 s - a scroll of identify
 H - a scroll of fear
Potions
 c - a potion of might
 d - 3 potions of curing
 e - 5 potions of heal wounds
 f - 2 potions of haste
 g - 2 potions of magic
 h - a potion of invisibility
 q - 2 potions of berserk rage
 F - 2 potions of agility
Comestibles
 t - 5 rations


   Skills:
 - Level 9.1 Fighting
 - Level 7.0 Short Blades
 + Level 18.4 Dodging
 - Level 10.9 Stealth
 - Level 1.1 Unarmed Combat
 + Level 21.1 Spellcasting
 + Level 16.8 Conjurations
 + Level 18.9 Fire Magic
 - Level 1.0 Air Magic
 + Level 9.4 Earth Magic
 - Level 0.6 Poison Magic


You had 18 spell levels left.
You knew the following spells:

 Your Spells              Type           Power        Failure   Level  Hunger
a - Flame Tongue          Conj/Fire      #####        0%          1    None
b - Conjure Flame         Conj/Fire      #######.     0%          3    None
c - Sticky Flame          Conj/Fire      #######.     0%          4    None
d - Fireball              Conj/Fire      #######...   1%          5    None
e - Mephitic Cloud        Conj/Pois/Air  ######..     1%          3    None
f - Bolt of Magma         Conj/Fire/Erth #######...   1%          5    None
g - Orb of Destruction    Conj           #######...   1%          7    ###....
h - Ignition              Fire           #######...   1%          8    #####..

Your spell library contained the following spells:

 Spells                   Type           Power        Failure   Level  Hunger
 Lehudib's Crystal Spear  Conj/Erth      #######...   17%         8    #####..
 Glaciate                 Conj/Ice       ######....   100%        9    ######.
 Magic Dart               Conj           ####         0%          1    None
 Throw Flame              Conj/Fire      ######       0%          2    None
 Shock                    Conj/Air       ####         1%          1    None
 Sting                    Conj/Pois      ####         1%          1    None
 Inner Flame              Hex/Fire       ######..     1%          3    None
 Stone Arrow              Conj/Erth      ######       1%          3    None
 Conjure Ball Lightning   Conj/Air       ######....   2%          6    None


Dungeon Overview and Level Annotations

Branches:
Dungeon (1/1)

Altars:
Cheibriados
Dithmenos
Elyvilon
Fedhas
Gozag
Hepliaklqana
Kikubaaqudgha
Makhleb
Nemelex Xobeh
Okawaru
Qazlal
Ru
Sif Muna
Trog
Uskayaw
Vehumet
Wu Jian
Xom
Yredelemnul
Zin
The Shining One
Beogh
Jiyva
Lugonu

Shops:
D *[*!

Annotations:
D Saint Roka


Message History

Unknown command.
Unknown command.
Unknown command.
You're too confused to move!
Saint Roka burns!
Saint Roka is engulfed in noxious fumes.
Saint Roka completely misses you.
Unknown command.
Unknown command.
Unknown command.
You puncture Saint Roka! You burn Saint Roka.
Saint Roka is moderately wounded.
Saint Roka burns!
Saint Roka barely misses you.
Unknown command.
Unknown command.
Unknown command.
You bump into the unnaturally hard rock wall.
Saint Roka burns!
Saint Roka mumbles some strange prayers to Beogh against you.
Beogh smites you!
You die...

.............))).▓
▓▓▓▓▓▓▓▓▓▓▓▓▓▓▓▓)▓
...'.))))))))....▓
▓▓▓▓▓▓▓▓▓▓▓▓▓▓▓▓▓▓
.................▓
▓▓▓▓▓▓▓▓▓▓▓▓▓▓▓▓.▓
)).....'.........▓
▓▓▓▓▓▓▓▓▓▓▓▓▓▓▓▓▓▓
..............(°@▓
▓▓▓▓▓▓▓▓▓▓▓▓▓▓▓▓o▓
.+...............▓
▓▓▓▓▓▓▓▓▓▓▓▓▓▓▓▓▓▓


You could see Saint Roka (burning).

Vanquished Creatures
  A lich (D)
  Kirke (D)
  A nagaraja (D)
  A stone giant (D)
  An ettin (D)
  A merfolk impaler (D)
  Josephine (D)
  A rakshasa (D)
  A ghost crab (D)
  A centaur warrior (D)
  2 anacondas (D)
  A shambling mangrove (D)
  A merfolk avatar (D)
  A satyr (D)
  10 orc high priests (D)
  A shock serpent (D)
  2 sea snakes (D)
  A naga ritualist (D)
  A wizard (D)
  4 orc knights (D)
  5 wolf spiders (D)
  An orc sorcerer (D)
  2 manticores (D)
  A merfolk siren (D)
  2 ugly things (D)
  4 black mambas (D)
  A naga mage (D)
  6 spiny frogs (D)
  A rime drake (D)
  2 komodo dragons (D)
  A demonic crawler (D)
  2 trolls (D)
  A merfolk (D)
  4 tyrant leeches (D)
  A hippogriff (D)
  A slime creature (D)
  3 blink frogs (D)
  3 redbacks (D)
  A shadow (D)
  2 yaks (D)
  4 wraiths (D)
  Grum (D)
  4 hogs (D)
  2 vampire mosquitoes (D)
  A porcupine (D)
  A sky beast (D)
  13 orc warriors (D)
  An ice beast (D)
  4 ogres (D)
  5 wolves (D)
  4 crocodiles (D)
  4 bullfrogs (D)
  A jelly (D)
  8 orc priests (D)
  An iguana (D)
  3 orc wizards (D)
  A worker ant (D)
  An adder (D)
  A shadow imp (D)
  A worm (D)
  5 orcs (D)
  A bat (D)
  3 bat zombies (D)
  A giant cockroach (D)
  A goblin (D)
  A hobgoblin (D)
  A kobold (D)
  2 quokkas (D)
  A fire vortex (D)
155 creatures vanquished.

Vanquished Creatures (others)
  An alligator (D)
  A spiny frog (D)
  A blink frog (D)
3 creatures vanquished.

Grand Total: 158 creatures vanquished

Notes
Turn   | Place    | Note
-------+----------+-------------------------------------------
     0 | D        | nuthulu the Deep Elf Fire Elementalist began the quest for
                  | the Orb.
     0 | D        | Reached XP level 1. HP: 10/10 MP: 6/6
    35 | D        | Reached skill level 4 in Spellcasting
   269 | D        | Noticed an ogre
   269 | D        | Noticed an ogre
   276 | D        | Killed an ogre
   276 | D        | Reached skill level 6 in Spellcasting
   276 | D        | Reached XP level 2. HP: 11/16 MP: 2/11
   276 | D        | Reached XP level 3. HP: 14/20 MP: 2/12
   276 | D        | Reached XP level 4. HP: 17/24 MP: 2/14
   292 | D        | Killed an ogre
   292 | D        | Reached skill level 5 in Dodging
   292 | D        | Reached skill level 7 in Spellcasting
   292 | D        | Reached XP level 5. HP: 20/28 MP: 2/16
   391 | D        | Learned a level 3 spell: Conjure Flame
   396 | D        | Learned a level 4 spell: Sticky Flame
   455 | D        | Found a roughly hewn altar of Beogh.
   455 | D        | Found a snail-covered altar of Cheibriados.
   455 | D        | Found a shadowy altar of Dithmenos.
   455 | D        | Found a white marble altar of Elyvilon.
   455 | D        | Found a blossoming altar of Fedhas.
   455 | D        | Found an opulent altar of Gozag.
   456 | D        | Found a hazy altar of Hepliaklqana.
   457 | D        | Found a viscous altar of Jiyva.
   458 | D        | Found an ancient bone altar of Kikubaaqudgha.
   459 | D        | Found a corrupted altar of Lugonu.
   460 | D        | Found a burning altar of Makhleb.
   461 | D        | Found a sparkling altar of Nemelex Xobeh.
   462 | D        | Found an iron altar of Okawaru.
   463 | D        | Found a stormy altar of Qazlal.
   464 | D        | Found a sacrificial altar of Ru.
   465 | D        | Found a deep blue altar of Sif Muna.
   466 | D        | Found a bloodstained altar of Trog.
   467 | D        | Found a hide-covered altar of Uskayaw.
   468 | D        | Found a radiant altar of Vehumet.
   469 | D        | Found an ornate altar of the Wu Jian Council.
   470 | D        | Found a shimmering altar of Xom.
   471 | D        | Found a basalt altar of Yredelemnul.
   472 | D        | Found a glowing silver altar of Zin.
   473 | D        | Found a glowing golden altar of the Shining One.
   476 | D        | Became a worshipper of Vehumet
   493 | D        | Got the +2 rapier "Qoch" {flame, MR++}
   510 | D        | Noticed an ogre
   510 | D        | Noticed an ice beast
   522 | D        | Reached skill level 1 in Fighting
   522 | D        | Reached skill level 5 in Stealth
   525 | D        | Reached skill level 1 in Short Blades
   528 | D        | Killed an ice beast
   528 | D        | Reached * piety under Vehumet
   528 | D        | Offered knowledge of Shock by Vehumet.
   528 | D        | Reached skill level 8 in Spellcasting
   528 | D        | Reached XP level 6. HP: 19/34 MP: 12/19
   533 | D        | Reached skill level 9 in Spellcasting
   533 | D        | Reached skill level 10 in Fire Magic
   793 | D        | Offered knowledge of Searing Ray by Vehumet.
   793 | D        | Reached ** piety under Vehumet
   801 | D        | Learned a level 5 spell: Fireball
   884 | D        | Noticed a troll
   884 | D        | Noticed a sky beast
   939 | D        | Killed a troll
   939 | D        | Reached skill level 1 in Unarmed Combat
   939 | D        | Reached skill level 10 in Spellcasting
   939 | D        | Reached skill level 5 in Conjurations
   939 | D        | Reached XP level 7. HP: 18/40 MP: 6/22
   940 | D        | Offered knowledge of Static Discharge by Vehumet.
   941 | D        | Reached *** piety under Vehumet
  1194 | D        | Offered knowledge of Fulminant Prism by Vehumet.
  1298 | D        | Got the Catalogue of Confrontation
  1303 | D        | Learned a level 3 spell: Mephitic Cloud
  1315 | D        | Noticed a spiny frog
  1315 | D        | Noticed a spiny frog
  1315 | D        | Noticed a spiny frog
  1315 | D        | Noticed a rime drake
  1315 | D        | Noticed a komodo dragon
  1315 | D        | Noticed a hippogriff
  1329 | D        | Killed a hippogriff
  1329 | D        | Reached skill level 11 in Spellcasting
  1329 | D        | Reached XP level 8. HP: 41/46 MP: 22/25
  1348 | D        | Killed a komodo dragon
  1348 | D        | Reached **** piety under Vehumet
  1348 | D        | Offered knowledge of Bolt of Magma by Vehumet.
  1348 | D        | Reached skill level 5 in Short Blades
  1353 | D        | Killed a rime drake
  1353 | D        | Reached skill level 12 in Spellcasting
  1355 | D        | Killed a spiny frog
  1366 | D        | Killed a spiny frog
  1366 | D        | Reached XP level 9. HP: 46/52 MP: 3/27
  1373 | D        | Learned a level 5 spell: Bolt of Magma
  1390 | D        | Killed a spiny frog
  1390 | D        | Reached skill level 13 in Spellcasting
  1390 | D        | Reached skill level 1 in Air Magic
  1435 | D        | Reached ***** piety under Vehumet
  1435 | D        | Offered knowledge of Freezing Cloud by Vehumet.
  1586 | D        | Noticed a komodo dragon
  1598 | D        | Killed a komodo dragon
  1644 | D        | Noticed a black mamba
  1654 | D        | Reached skill level 10 in Dodging
  1660 | D        | Killed a black mamba
  1660 | D        | Reached skill level 14 in Spellcasting
  1739 | D        | Reached XP level 10. HP: 46/56 MP: 7/30
  1893 | D        | Noticed a spiny frog
  1893 | D        | Noticed a spiny frog
  1912 | D        | Killed a spiny frog
  1915 | D        | Reached skill level 10 in Stealth
  1920 | D        | Killed a spiny frog
  1921 | D        | Reached ****** piety under Vehumet
  1929 | D        | Reached skill level 10 in Conjurations
  1961 | D        | Offered knowledge of Ozocubu's Refrigeration by Vehumet.
  1961 | D        | Reached skill level 15 in Spellcasting
  2456 | D        | Noticed an orc sorcerer
  2461 | D        | Noticed an orange demon
  2461 | D        | Paralysed by an orc sorcerer for 5 turns
  2462 | D        | Killed an orc sorcerer
  2573 | D        | Offered knowledge of Spellforged Servitor by Vehumet.
  2577 | D        | Noticed an orc knight
  2590 | D        | Killed an orc knight
  2746 | D        | Offered knowledge of Poison Arrow by Vehumet.
  2749 | D        | Noticed an orc knight
  2758 | D        | Killed an orc knight
  2758 | D        | Reached skill level 16 in Spellcasting
  2758 | D        | Reached XP level 11. HP: 40/61 MP: 1/33
  2999 | D        | Noticed an orc knight
  3009 | D        | Killed an orc knight
  3213 | D        | Found Engit's Distillery.
  3213 | D        | Noticed an orc high priest
  3213 | D        | Noticed an orc high priest
  3213 | D        | Noticed an orc high priest
  3213 | D        | Noticed an orc high priest
  3213 | D        | Noticed an orc high priest
  3215 | D        | Noticed an orc high priest
  3216 | D        | Killed an orc high priest
  3216 | D        | Reached skill level 15 in Fire Magic
  3423 | D        | Killed an orc high priest
  3423 | D        | Reached skill level 5 in Fighting
  3470 | D        | Killed an orc high priest
  3647 | D        | Killed an orc high priest
  3735 | D        | Killed an orc high priest
  3735 | D        | Reached skill level 17 in Spellcasting
  3739 | D        | Killed an orc high priest
  3797 | D        | Noticed an orc high priest
  3809 | D        | Killed an orc high priest
  3813 | D        | Noticed an orc high priest
  3816 | D        | Killed an orc high priest
  3816 | D        | Offered knowledge of Orb of Destruction by Vehumet.
  3825 | D        | Learned a level 7 spell: Orb of Destruction
  3880 | D        | Found Hienniom's Assorted Antiques.
  3884 | D        | Found Ceewo's Armour Boutique.
  3888 | D        | Found Suiceo's Assorted Antiques.
  3892 | D        | Noticed an orc high priest
  3896 | D        | Noticed an orc high priest
  3898 | D        | Killed an orc high priest
  4102 | D        | Noticed a sixfirhy
  4102 | D        | Noticed a sixfirhy
  4103 | D        | Killed an orc high priest
  4114 | D        | Bought the +3 robe of Anarchy {MR+ Int+2} for 422 gold
                  | pieces
  4221 | D        | Offered knowledge of Iron Shot by Vehumet.
  4310 | D        | Noticed Josephine
  4326 | D        | Killed Josephine
  4353 | D        | Reached XP level 12. HP: 65/72 MP: 20/35
  4358 | D        | Reached skill level 15 in Dodging
  4358 | D        | Reached skill level 18 in Spellcasting
  4646 | D        | Noticed Grum
  4667 | D        | Killed Grum
  4926 | D        | Offered knowledge of Bolt of Cold by Vehumet.
  5126 | D        | Noticed a stone giant
  5127 | D        | Noticed a lich
  5139 | D        | Killed a stone giant
  5149 | D        | Noticed a reaper
  5151 | D        | Killed a lich
  5204 | D        | Noticed an ettin
  5206 | D        | Killed an ettin
  5206 | D        | Reached skill level 19 in Spellcasting
  5248 | D        | Noticed a rakshasa
  5257 | D        | Killed a rakshasa
  5257 | D        | Offered knowledge of Lehudib's Crystal Spear by Vehumet.
  5257 | D        | Offered knowledge of Glaciate by Vehumet.
  5257 | D        | Offered knowledge of Ignition by Vehumet.
  5271 | D        | Learned a level 8 spell: Ignition
  5300 | D        | Noticed a centaur warrior
  5307 | D        | Killed a centaur warrior
  5307 | D        | Reached skill level 1 in Earth Magic
  5349 | D        | Noticed Kirke
  5379 | D        | Killed Kirke
  5379 | D        | Reached skill level 15 in Conjurations
  5509 | D        | Reached XP level 13. HP: 80/80 MP: 23/38
  5510 | D        | Reached skill level 5 in Earth Magic
  5633 | D        | Noticed a nagaraja
  5643 | D        | Reached skill level 20 in Spellcasting
  5643 | D        | Killed a nagaraja
  6048 | D        | Noticed a merfolk impaler
  6077 | D        | Reached skill level 21 in Spellcasting
  6078 | D        | Killed a merfolk impaler
  6220 | D        | Noticed Saint Roka
  6573 | D        | Killed from afar by Saint Roka

Skill      XL: |  1  2  3  4  5  6  7  8  9 10 11 12 13 |
---------------+----------------------------------------+-----
Fire Magic     | 7 8 9 11 12 13 14 16 17 18 | 18.9
Spellcasting   | 6 7 8 10 11 12 14 16 17 19 21 | 21.1
Dodging        | 4 5 6 8 9 10 12 14 16 18 | 18.4
Stealth        | 4 5 6 7 9 10 | 10.9
Conjurations   | 2 3 5 7 9 11 13 15 16 | 16.8
Fighting       | 1 2 3 4 7 9 |  9.1
Short Blades   | 1 4 6 7 |  7.0
Unarmed Combat | 1 |  1.1
Air Magic      | 1 |  1.0
Earth Magic    | 4 9 |  9.4
Poison Magic   | |  0.6

Action                   |  1- 3 |  4- 6 |  7- 9 | 10-12 | 13-15 || total
-------------------------+-------+-------+-------+-------+-------++-------
Melee: Unarmed           |    19 |       |       |       |       ||    19
       Short sword       |       |    15 |       |       |       ||    15
       Rapier            |       |    10 |     2 |    19 |     4 ||    35
 Cast: Flame Tongue      |    16 |    22 |    34 |   136 |    16 ||   224
       Conjure Flame     |       |     3 |     6 |    28 |     8 ||    45
       Fireball          |       |     2 |     2 |     3 |       ||     7
       Sticky Flame      |       |     1 |     7 |    31 |    11 ||    50
       Mephitic Cloud    |       |       |     2 |    14 |     2 ||    18
       Bolt of Magma     |       |       |     5 |    33 |     9 ||    47
       Orb of Destructio |       |       |       |    10 |     3 ||    13
       Ignition          |       |       |       |     4 |     8 ||    12
  Use: Potion            |     1 |     2 |     1 |     4 |     1 ||     9
       Scroll            |       |     1 |       |     5 |       ||     6
 Stab: Sleeping          |       |       |       |     1 |       ||     1
  Eat: Ration            |       |       |     1 |     3 |     2 ||     6
       Chunk             |       |       |       |     4 |     2 ||     6
Armor: Robe              |     3 |     3 |       |    17 |     3 ||    26
Dodge: Dodged            |    25 |    21 |     9 |    84 |    33 ||   172
Block: Buckler           |       |       |       |     2 |     3 ||     5
